 Dungeon Crawl Stone Soup version 0.19.0-16-g73b5abf (console) character file.

59 2d6 the Poker (level 4, -1/26 HPs)
             Began as an Octopode Wanderer on Nov 10, 2016.
             Was an Initiate of Hepliaklqana.
             Slain by a gnoll
             ... wielding a +0 halberd
              (10 damage)
             ... on level 2 of the Dungeon.
             The game lasted 00:06:23 (1381 turns).

2d6 the Poker (Octopode Wanderer)                   Turns: 1381, Time: 00:06:24

Health: -1/26      AC:  1    Str: 12    XL:     4   Next: 3%
Magic:  4/4        EV: 13    Int: 12    God:    Hepliaklqana [......]
Gold:   82         SH:  0    Dex: 13    Spells: 0 memorised, 3 levels left

rFire  . . .     SeeInvis .     c - +0 spear
rCold  . . .     Gourm    .     (no shield)
rNeg   . . .     Faith    .     (helmet restricted)
rPois  .         Spirit   .     (no amulet)
rElec  .         Reflect  .     (no ring)
rCorr  .         Harm     .     (no ring)
MR     .....                    (no ring)
Stlth  ++........               (no ring)
                                (no ring)
                                (no ring)
                                (no ring)
                                (no ring)

@: confused
A: almost no armour, stealthy swim, amphibious, 8 rings, constrict 8, reduced
essence, camouflage 1, gelatinous body 1
a: Recall Ancestor, Ancestor Identity, Renounce Religion


You were on level 2 of the Dungeon.
You worshipped Hepliaklqana.
Hepliaklqana was noncommittal.
You were not hungry.

You visited 1 branch of the dungeon, and saw 2 of its levels.

You collected 82 gold pieces.

Inventory:

Hand Weapons
 a - a +2 dagger
 c - a +0 spear (weapon)
Scrolls
 e - 2 scrolls of teleportation {unknown}
 h - a scroll of noise {unknown}
 i - 3 scrolls of remove curse {unknown}
 m - a scroll of fear {unknown}
 n - a scroll of magic mapping {unknown}
 o - 2 scrolls of identify {unknown}
 q - a scroll of enchant armour {unknown}
Potions
 b - a potion of berserk rage
 d - a potion of lignification
 j - a potion of cure mutation
 p - a potion of cancellation {unknown}
Comestibles
 f - 3 bread rations
 g - 3 fruits
 k - 3 meat rations


   Skills:
 + Level 1.9 Fighting
   Level 2.0 Long Blades
 + Level 4.4 Polearms
 + Level 1.9 Dodging
 + Level 3.4 Stealth
   Level 1.1 Evocations


You had 3 spell levels left.
You didn't know any spells.

Dungeon Overview and Level Annotations

Branches:
Dungeon (2/15)

Altars:
Hepliaklqana
Nemelex Xobeh


Innate Abilities, Weirdness & Mutations

You cannot wear most types of armour.
You are very stealthy in the water. (Stealth+)
You are amphibious.
You can wear up to eight rings at the same time.
You can use your tentacles to constrict eight enemies at once.
Your skin changes colour to match your surroundings (Stealth+).
Your rubbery body absorbs attacks. (AC +1, EV +1)
Your life essence is reduced. (-10% HP)


Message History

The gnoll is moderately wounded.
The gnoll completely misses you. The gnoll closely misses you.
Attack whom?
Press: ? - help, Dir - move target cursor, f/p - gnoll
Aim: a gnoll, wielding a halberd (moderately wounded)
You reach to attack!
You barely miss the gnoll.
The gnoll is moderately wounded.
The gnoll hits you from afar with a spear.
The gnoll hits you from afar with a halberd!
* * * LOW HITPOINT WARNING * * *
You swap places.
The gnoll hits Sagil-Zimu with a spear.
Sagil-Zimu hits the gnoll.
The gnoll closely misses Sagil-Zimu.
Sagil-Zimu barely misses the gnoll.
The gnoll misses Sagil-Zimu.
It was a potion of cure mutation.
It has a very clean taste.
Sagil-Zimu hits the gnoll.
The gnoll hits Sagil-Zimu with a spear!
It was a potion of ambrosia.
You are confused.
You feel invigorated.
The gnoll hits you from afar with a halberd!
You die...

###รท..# ##.........####..##.#
###.# ###......####..#..##### #.#
#....................
#####.#######......#######.##....
..<......................#.##....
#######..####......##............
##....########.).....##....
####.....####.......##....
#####.@.g.Rg.....##....
#######.....####### #.......#
#.......# #...[...# ##.....##
##...## #####


You could see the friendly Sagil-Zimu the ancestor and 2 gnolls.

Vanquished Creatures
  An adder (D:2)
  A gnoll (D:2)
  An ooze (D:2)
  2 leopard geckos (D:2)
  A ball python (D:1)
  6 bats
  2 giant cockroaches
  5 goblins
  5 hobgoblins
  2 kobolds (D:1)
  A quokka (D:2)
  2 rats (D:2)
29 creatures vanquished.

Vanquished Creatures (collateral kills)
  A dart slug (D:2)
1 creature vanquished.

Grand Total: 30 creatures vanquished

Notes
Turn   | Place    | Note
-------+----------+-------------------------------------------
     0 | D:1      | 2d6 the Octopode Wanderer began the quest for the Orb.
     0 | D:1      | 2d6 set off with: a +2 dagger, a potion of berserk rage, a +0 spear, a potion of lignification, a bread ration
     0 | D:1      | Reached XP level 1. HP: 13/13 MP: 1/1
   424 | D:1      | Reached XP level 2. HP: 17/18 MP: 2/2
   521 | D:1      | Reached skill level 1 in Dodging
   960 | D:2      | Found a sparkling altar of Nemelex Xobeh.
   960 | D:2      | Found a hazy altar of Hepliaklqana.
   967 | D:2      | Became a worshipper of Hepliaklqana the Forgotten
  1016 | D:2      | Reached XP level 3. HP: 20/20 MP: 3/3
  1373 | D:2      | Reached XP level 4. HP: 17/26 MP: 4/4
  1381 | D:2      | Slain by a gnoll

Skill      XL: |  1  2 |
---------------+-------+-----
Stealth        | 3 |  3.4
Dodging        | 1 |  1.9
Fighting       | |  1.9
Long Blades    | |  2.0
Polearms       | |  4.4
Evocations     | |  1.1

Action                   |  1- 3 |  4- 6 || total
-------------------------+-------+-------++-------
Melee: Spear             |    61 |     3 ||    64
       Constrict         |    12 |       ||    12
       Tentacles         |    12 |       ||    12
  Use: Potion            |       |     2 ||     2
 Stab: Sleeping          |    13 |       ||    13
  Eat: Chunk             |     1 |       ||     1
Armor: Skin              |     3 |       ||     3
Dodge: Dodged            |    12 |     2 ||    14
